 Dungeon Crawl Stone Soup version 0.23-a0-171-g5ae17c6 (webtiles) character file.

2092 KristoblXynda the Infuser (level 9, -5/63 HPs)
             Began as a Spriggan Skald on Sept 12, 2018.
             Was an Initiate of Gozag.
             Slain by an orc wizard
             ... wielding a +2 dagger of electrocution
              (14 damage)
             ... on level 7 of the Dungeon.
             The game lasted 00:18:39 (7636 turns).

KristoblXynda the Infuser (Spriggan Skald)          Turns: 7636, Time: 00:18:40

Health: -5/63      AC: 24    Str: 11    XL:     9   Next: 6%
Magic:  13/20      EV:  4    Int: 16    God:    Gozag
Gold:   719        SH:  0    Dex: 19    Spells: 14/21 levels left

rFire    . . .     SeeInvis +   o - +3 dagger (drain)
rCold    . . .     Gourm    .   (shield restricted)
rNeg     + + +     Faith    .   (armour currently unavailable)
rPois    +         Spirit   .   (helmet currently unavailable)
rElec    .         Reflect  .   (cloak currently unavailable)
rCorr    .         Harm     .   (gloves unavailable)
MR       +....     NoTele   +   (boots unavailable)
Stlth    ++++......             (no amulet)
HPRegen  0.00/turn              b - +3 ring of strength
MPRegen  0.17/turn              p - +3 ring of dexterity

@: tree-form, infused, gold aura
A: very small, unfitting armour, see invisible, herbivore, mutation resistance
1, inhibited regeneration, slow metabolism 2, wild magic 1
a: Potion Petition, Call Merchant, Bribe Branch, Renounce Religion


You were on level 7 of the Dungeon.
You worshipped Gozag.
Gozag was pleased with you.
You were not hungry.
You were a tree.
You visited 2 branches of the dungeon, and saw 8 of its levels.
You also visited: Sewer and Ossuary.

You collected 871 gold pieces.
You paid 152 gold pieces to Gozag.

Inventory:

Hand Weapons
 o - a +3 dagger of draining (weapon)
Missiles
 w - a throwing net (quivered)
Armour
 t - a +0 robe of cold resistance (melded)
Jewellery
 b - a +3 ring of strength (left branch)
 c - a +3 ring of intelligence
 p - a +3 ring of dexterity (right branch)
 y - an uncursed ring of wizardry
Wands
 e - a wand of flame (21)
 i - a wand of paralysis (17)
Scrolls
 f - 5 scrolls of remove curse
 j - a scroll of enchant weapon
 m - a scroll of blinking
 u - a scroll of identify
Potions
 a - 2 potions of mutation
 g - a potion of degeneration {unknown}
 h - 2 potions of heal wounds
 k - 2 potions of resistance
 l - 4 potions of flight
 n - a potion of might {unknown}
 q - 4 potions of haste
 r - a potion of lignification
 s - a potion of curing
Comestibles
 d - 11 rations


   Skills:
 - Level 2.0 Fighting
 - Level 5.1 Short Blades
 + Level 8.3 Dodging
 + Level 8.2 Stealth
 + Level 6.8 Spellcasting
 + Level 8.8 Charms
 + Level 3.6 Evocations


You had 14 spell levels left.
You knew the following spells:

 Your Spells              Type           Power        Failure   Level  Hunger
a - Infusion              Chrm           ####         1%          1    None
b - Regeneration          Chrm/Necr      ####......   10%         3    ##.....
c - Spectral Weapon       Hex/Chrm       ####....     10%         3    ##.....

Your spell library contained the following spells:

 Spells                   Type           Power        Failure   Level  Hunger
 Song of Slaying          Chrm           #####...     1%          2    None
 Shroud of Golubria       Chrm/Tloc      ####......   5%          2    None


Dungeon Overview and Level Annotations

Branches:
Dungeon (7/15)             Temple (1/1) D:4

Altars:
Ashenzari
Cheibriados
Dithmenos
Elyvilon
Gozag
Hepliaklqana
Makhleb
Nemelex Xobeh
Okawaru
Qazlal
Ru
Sif Muna
Uskayaw
Vehumet
Wu Jian
Xom
Yredelemnul
Zin
The Shining One


Innate Abilities, Weirdness & Mutations

You are very small and have problems with some larger weapons.
You are too small for most types of armour.
You have supernaturally acute eyesight. (SInv)
You are a herbivore.
((You cover ground extremely quickly.))
You need to consume almost no food.
You are somewhat resistant to further mutation.
You do not regenerate when monsters are visible.
Your spells are a little harder to cast, but a little more powerful.


Message History

Helpless, you fail to dodge the puff of frost.
The orc wizard hits you but does no damage. x2
You hit the orc wizard.
The orc wizard is heavily wounded.
The orc wizard gestures at you while chanting.
The puff of frost hits you!
The orc wizard hits you but does no damage.
You hit the orc wizard.
The orc wizard is severely wounded.
The orc wizard hits you but does no damage.
You are electrocuted!
* * * LOW HITPOINT WARNING * * *
The orc wizard casts a spell at you. The puff of frost hits you!
You barely miss the orc wizard.
The orc wizard is severely wounded.
The orc wizard hits you but does no damage.
You are electrocuted!
You die...
Your body crumbles into a pile of gold.

####. #⌠.##+##.⌠# ........
##.....#.........# ......#
.#..#..##.....(.#####.....#
.#..#...#.......#...#.....#
##..#...+..._...+...#o....+
................#...#.....#
....#####.......##.##.....#
###....#........o#....##+#....
#...#..#⌠.##'##.♣oo......# ...
#...)...###...####)......# .
#...#.....#...# .........#
#...##.#..#...#...#......#
#...####..##.#....########
...))..#.........#
...)...#.....#...
.......#.....####
########.....#


You could see 2 orc wizards and an orc.

Vanquished Creatures
  Sigmund (D:5)
  A spriggan (D:7)
  Menkaure (D:7)
  Duvessa (D:5)
  3 orc warriors
  An ogre (D:7)
  A phantom (D:4)
  A big kobold (Sewer)
  Dowan (D:5)
  A howler monkey (D:5)
  3 crimson imps (D:5)
  A bullfrog zombie (D:6)
  3 hounds
  2 orc priests
  Jessica (D:2)
  An iguana (D:4)
  4 orc wizards
  5 worker ants
  2 big kobold zombies (Ossuary)
  A hound skeleton (D:5)
  2 mummies (Ossuary)
  3 gnolls (D:4)
  A howler monkey skeleton (D:4)
  10 adders
  4 river rats
  3 worms
  A dart slug (D:5)
  4 leopard geckos
  15 orcs
  A giant cockroach (D:1)
  3 goblins
  8 hobgoblins
  19 jackals
  9 kobolds
  3 ball pythons
  9 bats
  4 frilled lizards
  5 gnoll zombies (Ossuary)
  3 goblin zombies
  2 hobgoblin zombies (Ossuary)
  4 orc zombies (Ossuary)
  A quokka skeleton (D:5)
  7 rats
156 creatures vanquished.

Vanquished Creatures (others)
  A spectral weapon (Ossuary)
1 creature vanquished.

Grand Total: 157 creatures vanquished

Notes
Turn   | Place    | Note
-------+----------+-------------------------------------------
     0 | D:1      | KristoblXynda the Spriggan Skald began the quest for the
                  | Orb.
     0 | D:1      | Reached XP level 1. HP: 10/10 MP: 5/5
    58 | D:1      | Reached XP level 2. HP: 11/15 MP: 1/6
    59 | D:1      | Reached skill level 1 in Stealth
  1398 | D:2      | Reached XP level 3. HP: 18/18 MP: 4/8
  1675 | D:2      | Found a deep blue altar of Sif Muna.
  1692 | D:2      | Found a sacrificial altar of Ru.
  1766 | D:2      | Learned a level 3 spell: Regeneration
  1770 | D:2      | Learned a level 3 spell: Spectral Weapon
  1826 | D:2      | Found a sparkling altar of Nemelex Xobeh.
  1843 | D:2      | Reached skill level 5 in Charms
  1865 | D:2      | Reached XP level 4. HP: 11/23 MP: 3/9
  1994 | D:2      | Noticed Jessica
  2007 | D:2      | Killed Jessica
  2041 | D:2      | Found a glowing silver altar of Zin.
  2055 | D:2      | Found a burning altar of Makhleb.
  2074 | D:2      | Found an iron altar of Okawaru.
  2075 | D:2      | Found a shadowy altar of Dithmenos.
  2087 | D:2      | Reached XP level 5. HP: 23/26 MP: 6/11
  2374 | D:3      | Found a hide-covered altar of Uskayaw.
  2916 | D:4      | Found a sand-covered staircase.
  2925 | Ossuary  | Entered an ossuary
  2953 | Ossuary  | Reached skill level 5 in Dodging
  3438 | D:4      | Reached XP level 6. HP: 29/30 MP: 8/13
  3482 | D:4      | Found a glowing drain.
  3486 | Sewer    | Entered a sewer
  3701 | Sewer    | Found a white marble altar of Elyvilon.
  4419 | D:4      | Reached skill level 5 in Stealth
  4419 | D:4      | Reached XP level 7. HP: 12/35 MP: 5/15
  4849 | D:4      | Found a staircase to the Ecumenical Temple.
  5065 | Temple   | Entered the Ecumenical Temple
  5118 | Temple   | Became a worshipper of Gozag Ym Sagoz the Greedy
  5210 | D:5      | Entered Level 5 of the Dungeon
  5283 | D:5      | Found a snail-covered altar of Cheibriados.
  5325 | D:5      | Reached skill level 5 in Spellcasting
  5501 | D:5      | Noticed Duvessa
  5503 | D:5      | Noticed Dowan
  5523 | D:5      | Killed Duvessa
  5525 | D:5      | Killed Dowan
  5920 | D:5      | Found an opulent altar of Gozag.
  6198 | D:5      | Noticed Sigmund
  6204 | D:5      | Killed Sigmund
  6204 | D:5      | Reached skill level 5 in Short Blades
  6204 | D:5      | Reached XP level 8. HP: 39/39 MP: 14/17
  6554 | D:6      | Reached skill level 1 in Evocations
  7488 | D:7      | Noticed Menkaure
  7492 | D:7      | Killed Menkaure
  7506 | D:7      | Found a shattered altar of Ashenzari.
  7622 | D:7      | Gained mutation: Your spells are a little harder to cast,
                  | but a little more powerful. [potion of mutation]
  7622 | D:7      | Gained mutation: You do not regenerate when monsters are
                  | visible. [potion of mutation]
  7622 | D:7      | Gained mutation: You are somewhat resistant to further
                  | mutation. [potion of mutation]
  7624 | D:7      | Reached XP level 9. HP: 37/42 MP: 18/20
  7636 | D:7      | Slain by an orc wizard

Vault maps used:
D:1:      denvon_arrival_waterhouse
D:2:      lemuel_upstairs_altar, led_sif_pool, nicolae_ru_awakened_eye,
          lemuel_crystal_altar, grunt_temple_overflow_open, uniq_jessica
D:3:      nicolae_overflow_hidden_temple
D:4:      lemuel_temple_firewalk_b, gup_sewer_entry_bowl, enter_ossuary_4,
          first_ration, hangedman_decor_slide_cut, kennysheep_generic_room_9
D:5:      kennysheep_slug_shrine, minmay_tree_intersection,
          nicolae_gozag_cash_rules_everything_around_me, uniq_duvessa,
          uniq_sigmund
D:7:      evilmike_ruin_ashenzari, old_standard_altar, grunt_ministairs_4,
          the_bakery, nicolae_tso_besieged_by_evil, uniq_menkaure
Temple:   jpeg_temple_island
Sewer:    sewer_kobolds
Ossuary:  minmay_ossuary_gauntlet

Skill      XL: |  1  2  3  4  5  6  7  8 |
---------------+-------------------------+-----
Stealth        | 1 2 3 4 5 6 8 |  8.2
Spellcasting   | 3 4 5 6 |  6.8
Dodging        | 4 5 6 7 8 |  8.3
Fighting       | 2 |  2.0
Charms         | 5 6 7 8 |  8.8
Short Blades   | 3 4 5 |  5.1
Evocations     | 3 |  3.6

Action                   |  1- 3 |  4- 6 |  7- 9 || total
-------------------------+-------+-------+-------++-------
Melee: Short sword       |   123 |    15 |       ||   138
       Dagger            |       |   275 |   232 ||   507
 Cast: Infusion          |     7 |    12 |     8 ||    27
       Spectral Weapon   |       |     1 |       ||     1
Evoke: Wand              |       |       |    14 ||    14
  Use: Scroll            |       |    14 |     5 ||    19
       Potion            |       |     2 |     4 ||     6
 Stab: Sleeping          |     4 |    12 |     8 ||    24
       Distracted        |       |     1 |       ||     1
       Paralysed         |       |       |     4 ||     4
  Eat: Ration            |       |     1 |     2 ||     3
Armor: Robe              |     9 |    17 |     9 ||    35
       Skin              |       |       |    20 ||    20
Dodge: Dodged            |   113 |   241 |   138 ||   492

Table legend:
 A = Non-vault XP
 B = Vault XP
 C = Vault XP percentage of total XP
 D = Non-vault monster count
 E = Vault monster count
 F = Vault count percentage of total count
                 A         B        C        D         E       F
            +---------+---------+-------+---------+---------+-------
      Total |    1821 |    1168 |  39.1 |     118 |      38 |  24.4
            +---------+---------+-------+---------+---------+-------
        D:1 |      35 |       0 |   0.0 |      21 |       0 |   0.0
        D:2 |     146 |      37 |  20.2 |      29 |       1 |   3.3
        D:3 |      30 |       0 |   0.0 |      14 |       0 |   0.0
        D:4 |     376 |      22 |   5.5 |      20 |       6 |  23.1
        D:5 |     341 |     467 |  57.8 |      13 |       4 |  23.5
        D:6 |     447 |       0 |   0.0 |      14 |       0 |   0.0
        D:7 |     446 |     399 |  47.2 |       7 |       2 |  22.2
      Sewer |       0 |     141 | 100.0 |       0 |       9 | 100.0
    Ossuary |       0 |     102 | 100.0 |       0 |      16 | 100.0
            +---------+---------+-------+---------+---------+-------
